Map: Romanticide LE

Players

AGOElazer (Elazer) - Winner!

  • Race: Zerg Zerg
  • Spawn Location: 5:00

Reynor

  • Race: Zerg Zerg
  • League: Master
  • Spawn Location: 11:00

Event: DreamHack SC2 Masters 2020 Winter

VOD

Have the link to the VOD?

Description

Time

  • Played on: Nov. 6, 2020, 2 p.m.
  • Length: 11:24

All games in this series

Show
View Real Time Build Order
Export as new Build Order

AGOElazer Zerg - Winner!

Build Orders: Hatch First 

Get SALT Encoding   

  12  0:00  Drone  
  13  0:12  Overlord  
  13  0:16  Drone  
  14  0:30  Drone x2  
  16  0:47  Hatchery  
  15  0:50  Drone  
  15  0:53  Drone  
  15  0:57  Drone  
  18  1:07  Extractor  
  17  1:12  Spawning Pool  
  17  1:15  Drone  
  17  1:18  Drone  
  18  1:28  Drone  
  19  1:59  Zergling x2  
  19  2:00  Queen x2, Zergling x6  
  27  2:13  Zergling x2  
  26  2:24  Drone x2  
  27  2:35  Drone x2  
  27  2:45  Metabolic Boost  
  27  2:56  Overlord  
  27  2:59  Drone, Extractor  
  27  3:00  Drone, Extractor  
  29  3:15  Drone x6  
  35  3:22  Overlord  
  35  3:25  Drone  
  36  3:46  Drone x6  
  42  3:48  Hatchery  
  42  3:51  Drone  
  42  3:55  Drone x2  
  44  3:58  Drone  
  44  4:02  Overlord  
  44  4:10  Overlord  
  44  4:13  Evolution Chamber  
  44  4:14  Drone  
  44  4:22  Overlord  
  44  4:23  Roach Warren  
  43  4:25  Drone x3  
  43  4:27  Drone  
  46  4:34  Drone x4  
  46  4:37  Overlord  
  50  4:42  Zerg Ground Armor Level 1  
  50  4:46  Drone x2  
  50  4:52  Extractor, Overlord  
  51  4:54  Extractor, Zergling x6  
  51  4:56  Zergling x2  
  54  5:03  Zergling x8  
  54  5:06  Queen  
  60  5:09  Overlord  
  60  5:18  Zergling x6  
  63  5:22  Zergling x8  
  67  5:28  Overlord  
  67  5:30  Roach x3  
  73  5:37  Zergling x6  
  76  5:45  Zergling x6  
  79  5:50  Zergling x6  
  79  5:55  Overlord  
  80  6:00  Zergling x10  
  80  6:04  Roach  
  87  6:07  Roach  
  89  6:12  Roach  
  89  6:17  Zergling x8  
  95  6:23  Roach x4  
  95  6:30  Roach x5  
  90  6:40  Zergling x2  
  90  6:41  Zergling x4  
  90  6:45  Ravager x4  
  90  6:46  Ravager  
  98  6:50  Overlord  
  98  6:52  Zergling x4  
  101  6:54  Ravager x2  
  101  7:04  Zergling x24  
  109  7:09  Ravager  
  109  7:15  Zergling x6  
  113  7:28  Zergling x6  
  116  7:36  Zergling x6  
  117  7:41  Zergling x10  
  120  7:46  Zergling x6  
  121  7:54  Zergling x8  
  100  8:03  Roach x2  
  95  8:08  Roach  
  95  8:12  Queen  
  99  8:15  Ravager x4  
  99  8:16  Zergling x12  
  99  8:17  Zergling x4  
  99  8:18  Lair, Zerg Missile Weapons Level 1  
  110  8:25  Zergling x10  
  111  8:30  Zergling x2  
  105  8:35  Roach x2  
  105  8:39  Roach x4  
  106  8:42  Roach  
  106  8:47  Zergling x8  
  104  8:51  Zergling x6  
  104  8:55  Zergling x2  
  108  8:58  Zergling x2  
  107  9:09  Zergling x6  
  101  9:14  Zergling x10  
  94  9:21  Zergling x14  
  93  9:26  Glial Reconstitution  
  93  9:28  Drone x2  
  92  9:33  Roach  
  92  9:38  Roach  
  96  9:40  Drone  
  96  9:45  Ravager x2  
  99  9:46  Zergling x4  
  99  9:51  Roach  
  103  9:58  Roach x7  
  115  10:06  Zergling x8  
  117  10:11  Zergling x2  
  117  10:12  Zergling x4  
  120  10:20  Overlord  
  119  10:21  Zergling x2  
  119  10:26  Overlord  
  118  10:30  Zergling x2  
  118  10:31  Zergling x4  
  121  10:38  Zergling x8  
  125  10:43  Zergling x6  
  128  10:51  Zergling x4  
  128  10:56  Overlord x2  
  128  11:07  Zergling x4  
Show
View Real Time Build Order
Export as new Build Order

Reynor Zerg 

Build Orders: Pool First 

Get SALT Encoding   

  12  0:17  Spawning Pool  
  11  0:22  Drone  
  11  0:26  Drone  
  13  0:30  Drone  
  14  0:39  Overlord  
  14  1:04  Zergling x4  
  16  1:05  Zergling x2  
  17  1:15  Zergling x2  
  18  1:22  Hatchery  
  17  1:26  Zergling x2  
  18  1:33  Queen  
  18  1:37  Zergling x2  
  21  1:48  Overlord  
  21  1:58  Drone  
  22  2:08  Queen  
  22  2:09  Drone  
  25  2:21  Drone  
  24  2:33  Drone  
  24  2:37  Drone  
  26  2:41  Drone x2  
  27  2:47  Drone x2, Overlord  
  27  2:51  Queen  
  29  2:53  Drone  
  29  2:55  Drone  
  29  2:57  Extractor  
  32  3:04  Drone  
  33  3:06  Drone  
  34  3:15  Drone  
  34  3:16  Drone  
  36  3:21  Drone x3  
  36  3:24  Evolution Chamber  
  36  3:27  Overlord  
  38  3:28  Drone  
  39  3:34  Roach Warren  
  39  3:37  Drone  
  39  3:46  Drone  
  39  3:47  Drone x3  
  43  3:53  Overlord  
  42  3:57  Drone  
  42  4:00  Metabolic Boost  
  42  4:02  Drone x4  
  45  4:10  Evolution Chamber  
  45  4:12  Drone  
  45  4:15  Extractor  
  44  4:19  Drone x2  
  46  4:26  Zergling x4  
  46  4:28  Hatchery  
  47  4:35  Overlord  
  47  4:36  Zergling x8  
  51  4:39  Zergling x2  
  51  4:42  Zergling x2  
  53  4:47  Zerg Ground Armor Level 1  
  53  4:49  Zergling x6  
  53  4:51  Zergling x2  
  58  4:52  Zergling x2  
  58  5:02  Zergling x2  
  58  5:03  Zergling x2  
  60  5:10  Zergling x4  
  60  5:11  Zergling x2  
  60  5:12  Hatchery, Zergling x2  
  63  5:16  Overlord  
  63  5:18  Zergling x4  
  65  5:26  Overlord  
  65  5:37  Zergling x8  
  69  5:43  Overlord  
  69  5:44  Roach  
  69  5:45  Roach x2  
  69  5:49  Roach  
  79  5:50  Roach  
  79  5:53  Roach  
  79  5:55  Roach x3  
  87  6:03  Zergling x6  
  89  6:06  Ravager x2  
  89  6:10  Zergling x2  
  92  6:12  Zergling x4  
  92  6:13  Zergling x4  
  92  6:14  Overlord  
  96  6:20  Zergling x4  
  96  6:21  Zergling x2  
  89  6:29  Zergling x8  
  89  6:32  Zergling x2  
  79  6:39  Roach x2  
  77  6:44  Ravager x2  
  77  6:45  Zergling x16  
  87  6:47  Roach  
  87  6:51  Zergling x2  
  87  6:52  Zergling x2  
  91  6:54  Zergling x2  
  91  6:59  Zergling x2  
  91  7:00  Zergling x2  
  93  7:04  Zergling x2, Overlord  
  92  7:08  Ravager x2  
  92  7:09  Zergling x2  
  92  7:12  Zergling x2  
  92  7:15  Zergling x12  
  100  7:17  Zergling x2  
  100  7:20  Zergling x2  
  100  7:22  Ravager  
  102  7:25  Zergling x6  
  105  7:31  Overlord  
  93  7:55  Zergling x32  
  89  7:59  Zergling x2, Roach  
  72  8:07  Zergling x10  
  72  8:10  Roach  
  73  8:21  Zergling x4, Roach x2, Ravager  
  73  8:23  Zergling x2  
  73  8:26  Zergling x4  
  80  8:29  Roach  
  76  8:35  Zergling x4, Roach  
  76  8:38  Roach, Zergling x2  
  76  8:41  Zergling x2  
  71  8:45  Zergling x6  
  71  8:47  Ravager  
  72  8:49  Zergling x4  
  72  8:51  Ravager  
  72  8:52  Ravager  
  72  8:54  Zergling x4  
  78  8:59  Zergling x4  
  78  9:00  Zergling x2  
  81  9:04  Zergling x6  
  81  9:07  Roach  
  75  9:12  Zergling x6  
  75  9:19  Zergling x8  
  75  9:22  Zergling x4  
  78  9:26  Zergling x4  
  79  9:34  Zergling x8  
  79  9:37  Drone x2  
  83  9:40  Ravager x3  
  83  9:43  Drone x2  
  88  9:46  Ravager  
  88  9:48  Zergling x4  
  89  10:02  Drone  
  89  10:03  Drone x2, Zergling x2  
  89  10:04  Zergling x10  
  98  10:07  Zergling x4  
  93  10:24  Zergling x16  
  93  10:25  Drone  
  93  10:26  Roach  
  100  10:31  Roach  
  99  10:36  Drone x2  
  99  10:39  Roach  
  102  10:50  Drone  
  102  10:53  Extractor  
  102  10:55  Overlord  
  101  10:59  Roach, Zergling x2  
  101  11:01  Overlord  
Tags
 
Add a new tag
Caveats
  • Supply blocks, unpowered buildings, or Contaminate may cause inaccurate times.
  • Supply counts are checked every 10 seconds.